 Dungeon Crawl Stone Soup version 0.22.1-1-ga44c0e5 (webtiles) character file.

91 wilfster70 the Covered (level 4, 0/57 HPs)
             Began as a Gnoll Wanderer on Oct 12, 2018.
             Was an Initiate of Yredelemnul.
             Slain by a killer bee (4 damage)
             ... on level 3 of the Dungeon.
             The game lasted 00:08:06 (1767 turns).

wilfster70 the Covered (Gnoll Wanderer)             Turns: 1767, Time: 00:08:09

Health: 0/57       AC: 22    Str: 13    XL:     4   Next: 59%
Magic:  5/5        EV:  2    Int: 17    God:    Yredelemnul [......]
Gold:   102        SH:  0    Dex: 14    Spells: 5/5 levels left

rFire    . . .     SeeInvis .   a - +2 shortbow
rCold    . . .     Gourm    +   (shield currently unavailable)
rNeg     + + +     Faith    .   (armour currently unavailable)
rPois    +         Spirit   .   (helmet currently unavailable)
rElec    .         Reflect  .   (cloak currently unavailable)
rCorr    .         Harm     .   (gloves currently unavailable)
MR       .....     NoTele   +   (boots currently unavailable)
Stlth    ++........             r - amulet of the gourmand (curse)
HPRegen  0.19/turn              (no ring)
MPRegen  0.09/turn              (no ring)

@: lethally poisoned (0 -> -8), tree-form
A: distributed training, strong nose
a: Renounce Religion


You were on level 3 of the Dungeon.
You worshipped Yredelemnul.
Yredelemnul was noncommittal.
You were very full.
You were a tree.
You visited 1 branch of the dungeon, and saw 3 of its levels.

You collected 102 gold pieces.

Inventory:

Hand Weapons
 a - a +2 shortbow (weapon)
 b - a +0 hunting sling
Missiles
 g - 102 stones
 p - a throwing net
 q - 22 sling bullets
 u - 51 arrows (quivered)
 x - 31 bolts
Armour
 e - a +0 pair of boots (melded)
 j - a +0 leather armour
 s - a +0 chain mail (melded)
 v - a +0 pair of gloves (melded)
Jewellery
 r - a cursed amulet of the gourmand (around neck)
Scrolls
 d - a scroll of teleportation
 h - 2 scrolls of identify
 k - 2 scrolls of remove curse {unknown}
 l - a scroll of noise {unknown}
 m - a scroll of immolation {unknown}
 t - a scroll of enchant armour {unknown}
 y - a scroll of amnesia {unknown}
Potions
 i - 2 potions of mutation {unknown}
 n - a potion of might {unknown}
 o - 2 potions of heal wounds {unknown}
 z - a potion of curing {unknown}
Comestibles
 f - a ration


   Skills:
 + Level 4.6 Fighting
 + Level 1.1 Short Blades
 + Level 2.7 Long Blades
 + Level 1.1 Axes
 + Level 1.1 Maces & Flails
 + Level 1.1 Polearms
 + Level 1.1 Staves
 + Level 1.1 Slings
 + Level 4.6 Bows
 + Level 1.1 Crossbows
 + Level 2.7 Throwing
 + Level 4.6 Armour
 + Level 2.7 Dodging
 + Level 2.5 Stealth
 + Level 1.1 Shields
 + Level 1.1 Unarmed Combat
 + Level 1.1 Spellcasting
 + Level 0.9 Conjurations
 + Level 0.9 Hexes
 + Level 0.9 Charms
 + Level 0.9 Summonings
 + Level 0.9 Necromancy
 + Level 0.9 Translocations
 + Level 0.9 Transmutations
 + Level 0.9 Fire Magic
 + Level 0.9 Ice Magic
 + Level 0.9 Air Magic
 + Level 0.9 Earth Magic
 + Level 0.9 Poison Magic
 + Level 1.2 Invocations
 + Level 1.1 Evocations


You had 5 spell levels left.
You didn't know any spells.
Your spell library was empty.

Dungeon Overview and Level Annotations

Branches:
Dungeon (3/15)

Altars:
Ashenzari
Gozag
Kikubaaqudgha
Yredelemnul


Innate Abilities, Weirdness & Mutations

Your experience applies equally to all skills.
((You have very sharp teeth.))
Your uncanny sense of smell can sniff out nearby items.


Message History

Really attack while wielding your +2 shortbow?
You miss the killer bee.
The killer bee is severely wounded.
* * * LOW HITPOINT WARNING * * *
You feel sick.
The killer bee stings you but does no damage. x3
You barely miss the killer bee.
The killer bee is heavily wounded.
* * * LOW HITPOINT WARNING * * *
You feel sick.
The killer bee stings you but does no damage. x3
You clumsily bash the killer bee but do no damage.
The killer bee is heavily wounded.
* * * LOW HITPOINT WARNING * * *
You feel sick. The killer bee stings you.
* * * LOW HITPOINT WARNING * * *
The killer bee stings you but does no damage.
The killer bee stings you.
You die...
Your body rises from the dead as a mindless zombie.

#####.# #.#.# # #.#
#.#.# #####.####)#.#
.............#
.####.#########.###
###.##. ......#
#....#y..y.w. .####.#
#.#
......#############.#
#####...........♣yyy#
......###############
#######


You could see 3 killer bees.

Vanquished Creatures
  2 adders
  2 oozes (D:1)
  2 worms (D:2)
  4 dart slugs (D:1)
  A ball python (D:3)
  6 bats
  2 giant cockroaches (D:2)
  6 hobgoblins
  8 kobolds
  3 frilled lizards
  9 goblins
  5 rats
50 creatures vanquished.

Notes
Turn   | Place    | Note
-------+----------+-------------------------------------------
     0 | D:1      | wilfster70 the Gnoll Wanderer began the quest for the Orb.
     0 | D:1      | wilfster70 set off with: a +2 shortbow, 27 arrows, a potion
                  | of lignification, a scroll of teleportation, a +0 robe, a
                  | ration
     0 | D:1      | Reached XP level 1. HP: 20/20 MP: 1/1
   113 | D:1      | Reached XP level 2. HP: 26/26 MP: 2/2
   350 | D:1      | Reached XP level 3. HP: 23/31 MP: 3/3
   497 | D:1      | Reached skill level 1 in Invocations
   944 | D:2      | Found a shattered altar of Ashenzari.
   951 | D:2      | Found a basalt altar of Yredelemnul.
   974 | D:2      | Became a worshipper of Yredelemnul the Dark
   996 | D:2      | Found an opulent altar of Gozag.
  1045 | D:2      | Reached skill level 1 in Short Blades
  1045 | D:2      | Reached skill level 1 in Axes
  1045 | D:2      | Reached skill level 1 in Maces & Flails
  1045 | D:2      | Reached skill level 1 in Polearms
  1045 | D:2      | Reached skill level 1 in Staves
  1045 | D:2      | Reached skill level 1 in Slings
  1045 | D:2      | Reached skill level 1 in Crossbows
  1045 | D:2      | Reached skill level 1 in Shields
  1045 | D:2      | Reached skill level 1 in Unarmed Combat
  1045 | D:2      | Reached skill level 1 in Spellcasting
  1045 | D:2      | Reached skill level 1 in Evocations
  1045 | D:2      | Reached XP level 4. HP: 30/38 MP: 5/5
  1646 | D:3      | Found an ancient bone altar of Kikubaaqudgha.
  1767 | D:3      | Slain by a killer bee

Skill      XL: |  1  2  3 |
---------------+----------+-----
Invocations    | 1 |  1.2
Short Blades   | 1 |  1.1
Axes           | 1 |  1.1
Maces & Flails | 1 |  1.1
Polearms       | 1 |  1.1
Staves         | 1 |  1.1
Slings         | 1 |  1.1
Crossbows      | 1 |  1.1
Shields        | 1 |  1.1
Unarmed Combat | 1 |  1.1
Spellcasting   | 1 |  1.1
Evocations     | 1 |  1.1
Fighting       | |  4.6
Long Blades    | |  2.7
Bows           | |  4.6
Throwing       | |  2.7
Armour         | |  4.6
Dodging        | |  2.7
Stealth        | |  2.5
Conjurations   | |  0.9
Hexes          | |  0.9
Charms         | |  0.9
Summonings     | |  0.9
Necromancy     | |  0.9
Translocations | |  0.9
Transmutations | |  0.9
Fire Magic     | |  0.9
Ice Magic      | |  0.9
Air Magic      | |  0.9
Earth Magic    | |  0.9
Poison Magic   | |  0.9

Action                   |  1- 3 |  4- 6 || total
-------------------------+-------+-------++-------
Melee: Shortbow          |       |     3 ||     3
 Fire: Shortbow          |    76 |    54 ||   130
  Use: Scroll            |     1 |       ||     1
       Potion            |       |     1 ||     1
  Eat: Chunk             |     2 |     8 ||    10
Armor: Robe              |     1 |       ||     1
       Leather armour    |     4 |       ||     4
       Chain mail        |       |    10 ||    10
       Skin              |       |     8 ||     8
Dodge: Dodged            |    17 |    15 ||    32
